 Dungeon Crawl Stone Soup version 0.15-a0-1472-ge546950 (webtiles) character file.

83556 Medar the Thaumaturge (level 15, -7/110 HPs)
             Began as a Demonspawn Necromancer on June 10, 2014.
             Was the Champion of Ashenzari.
             Killed from afar by an ogre mage (25 damage)
             ... with a bolt of lightning
             ... while paralysed by an ogre mage
             ... on Level 4 of the Orcish Mines on June 13, 2014.
             The game lasted 02:34:52 (42400 turns).

Medar the Thaumaturge (Demonspawn Necromancer)     Turns: 42400, Time: 02:34:53

HP  -7/110       AC 11     Str 15      XL: 15   Next: 32%
MP  36/36        EV  2     Int 20      God: Ashenzari [******]
Gold 1380        SH  0     Dex 15      Spells: 10 memorised, 11 levels left

rFire  . . .     SeeInvis +     a - +2 demon blade (elec) (curse)
rCold  + . .     Clarity  +     Q - +2 robe {rC+} (curse)
rNeg   . . .     rCorr    .     (no shield)
rPois  +         rRot     .     h - +0 helmet (curse)
rElec  .         Spirit   .     J - +0 cloak (curse)
SustAb .         Warding  .     (no gloves)
rMut   .         Stasis   .     u - +1 pair of boots (curse)
Gourm  .                        i - cursed amulet of faith
MR     +....                    q - cursed ring of wizardry
                                e - cursed ring of poison resistance

@: paralysed, mighty, very slightly contaminated, starving, hasted, repel
missiles, heavily drained, somewhat resistant to hostile enchantments,
unstealthy
A: talons 1, slimy green scales 1, powered by pain 2, spiny 3
a: End Transfer Knowledge, Scrying, Transfer Knowledge, Renounce Religion


You were on level 4 of the Orcish Mines.
You worshipped Ashenzari.
Ashenzari was exalted by your worship.
You were starving.

You visited 4 branches of the dungeon, and saw 26 of its levels.
You also visited: Sewer and Ice Cave.

You collected 1768 gold pieces.
You spent 388 gold pieces at shops.

Inventory:

Hand weapons
 a - a cursed +2,+2 demon blade of electrocution (weapon)
 s - a +1,+0 hand axe of distortion
Missiles
 k - 5 javelins (quivered)
 v - a throwing net {=f =F}
Armour
 h - a cursed +0 helmet (worn)
 t - a +1 robe of positive energy
 u - a cursed +1 pair of boots (worn)
 w - a +0 shield
 J - a cursed +0 cloak (worn)
 Q - a cursed +2 robe of cold resistance (worn)
Magical devices
 b - a wand of draining (2)
 l - a wand of frost (10)
 o - a wand of teleportation (6)
 r - a wand of lightning (0)
 z - a wand of draining (8)
 H - a wand of invisibility (5)
 N - a wand of cold (3)
 T - a wand of paralysis (13)
 W - a wand of disintegration (1)
Comestibles
 c - 17 bread rations
 m - 2 meat rations
 P - 4 fruits
Scrolls
 d - 13 scrolls of remove curse
 n - 6 scrolls of teleportation
 p - a scroll of enchant armour
 y - 2 scrolls of recharging
 B - a scroll of torment {!r}
 E - 4 scrolls of identify
 I - 6 scrolls of fog
 O - a scroll of immolation
 R - 4 scrolls of curse weapon
 S - 3 scrolls of curse armour
 X - 4 scrolls of curse jewellery
Jewellery
 e - a cursed ring of poison resistance (left hand)
 i - a cursed amulet of faith (around neck)
 q - a cursed ring of wizardry (right hand)
Potions
 g - 5 potions of flight
 j - 5 potions of brilliance
 x - 4 potions of might
 C - 6 potions of curing
 F - 2 potions of haste
 K - 3 potions of heal wounds
 L - 2 potions of agility
 M - a potion of invisibility
Miscellaneous
 f - a phial of floods


   Skills:
 - Level 7.7(6.0) Fighting
   Level 7.1(5.8) Short Blades
 + Level 4.8(7.5) Long Blades
 - Level 7.0(5.4) Armour
 - Level 7.1(8.5) Dodging
 - Level 1.9(2.7) Stealth
 - Level 14.6(12.7) Spellcasting
 - Level 8.0(10.6) Charms
 - Level 14.0(15.9) Necromancy
 - Level 2.6(4.7) Translocations
 - Level 2.0(3.8) Air Magic
 - Level 1.0(2.0) Evocations


You had 11 spell levels left.
You knew the following spells:

 Your Spells              Type           Power        Failure   Level  Hunger
c - Vampiric Draining     Necr           ######....   1%          3    None
d - Control Undead        Necr           ######....   1%          4    None
e - Swiftness             Chrm/Air       #####...     1%          2    None
q - Regeneration          Chrm/Necr      ######....   1%          3    None
r - Repel Missiles        Chrm/Air       #####.       1%          2    None
s - Animate Dead          Necr           N/A          1%          4    None
v - Agony                 Necr           ######..     1%          5    ###....
w - Blink                 Tloc           N/A          1%          2    None
x - Pain                  Necr           ####         0%          1    None
E - Haste                 Chrm           ######..     4%          6    #####..


Dungeon Overview and Level Annotations

Branches:
Dungeon (13/15)            Temple (1/1) D:4             Orc (4/4) D:12
    Elf (0/3) Orc:3          Lair (8/8) D:11          Swamp (0/5) Lair:3
 Spider (0/5) Lair:5        Slime (0/6) Lair:6       Vaults (0/5) D:13

Altars:
Ashenzari
Cheibriados
Dithmenos
Elyvilon
Fedhas
Gozag
Kikubaaqudgha
Makhleb
Nemelex Xobeh
Okawaru
Qazlal
Sif Muna
Trog
Vehumet
Xom
Yredelemnul
Zin
The Shining One

Shops:
D:4 *   D:5 :   D:9 [   Orc:2 (   Orc:3 :

Annotations:
Orc:2 Josephine
Orc:3 exclusion: upstairs


Innate Abilities, Weirdness & Mutations

You have sharp toenails.
You are partially covered in slimy green scales (AC +2).
You sometimes gain power by taking damage.
You are completely covered in sharp spines.


Message History

An iron troll comes into view.
The ogre mage points at you and mumbles some strange words.
You resist.
The ogre mage points at something and mumbles some strange words.
The ogre mage points at you and mumbles some strange words.
You suddenly lose the ability to move!
The ogre mage hits you from afar with a halberd!
The ogre mage points at you and mumbles some strange words.
Helpless, you fail to dodge the bolt of lightning.
The ogre mage hits you but does no damage.
The troll disappears!
The ogre mage hits you from afar with a halberd!
The ogre mage hits you from afar with a halberd.
The ogre mage casts a spell at you.
Helpless, you fail to dodge the bolt of lightning.
* * * LOW HITPOINT WARNING * * *
You focus on the pain.
You feel your power returning.
The ogre mage gestures at you while chanting.
The bolt of lightning hits you!
You die...

* ,,,,, #..{....###{{O * ,,,
##.....#.##{T{ *,*####
##..##..{)CO#
####..###...##{.##O{. ***
##.#....#.#.##{...##.# ,**
#......#O....#...##### ** *,,..
###.....O#T#.#...#####, * *
,#...##.#...........#..#.#.## ,
, ...........@...^...)........ *
**#............#...).[...[#...
,,
∆∆#................#.[..###...
,,*∆
#................##.)#.##... *
#+##............#..........##.#
................#.......##.##,.o
....#..<[)...#.......##### .. ,
.#.#..).............# *.#
#..................## **


You could see an ogre mage, a deep troll and an ogre.

Vanquished Creatures
  Donald (Orc:4)
  A dire elephant (Lair:7)
  A vault guard (D:13)
  Snorg (Lair:2)
  7 hydras
  Fannar (D:11)
  Harold (Lair:3)
  An ogre mage (D:13)
  15 death yaks (Lair:8)
  3 catoblepae (Lair:8)
  2 ice devils (IceCv)
  2 unseen horrors
  2 ice statues (IceCv)
  An orc sorcerer (Orc:3)
  3 hill giants
  A lindwurm (Lair:7)
  2 cyclopes (D:11)
  2 orc knights
  4 elephants (Lair:8)
  3 manticores
  6 black mambas
  A gargoyle (D:9)
  8 spiny frogs
  10 komodo dragons
  A demonic crawler (Lair:5)
  3 fire drakes
  A red devil (Orc:3)
  A tengu conjurer (D:13)
  3 trolls
  2 centaur skeletons (D:12)
  A wandering mushroom (Lair:8)
  7 blue devils (IceCv)
  19 blink frogs
  Prince Ribbit (Lair:1)
  A two-headed ogre (D:11)
  A boulder beetle (Lair:6)
  2 ravens (D:13)
  A trapdoor spider (D:12)
  5 basilisks
  A spriggan (D:9)
  3 deep elf magi
  A hungry ghost (D:11)
  4 sharks
  A wraith (D:13)
  2 wyverns
  42 yaks
  A steam dragon (Lair:6)
  10 ugly things
  11 hippogriffs
  A hill giant skeleton (D:11)
  17 wolves
  17 water moccasins
  A warg (D:11)
  3 vampire mosquitoes (D:13)
  16 porcupines
  19 orc warriors
  2 sky beasts
  4 phantoms
  2 black bears
  17 ogres
  9 centaurs
  8 ice beasts
  A boring beetle (Lair:7)
  3 lava worms (D:10)
  Sigmund (D:2)
  A brain worm (D:11)
  A manticore skeleton (D:9)
  A big kobold (D:7)
  15 crocodiles
  A yaktaur zombie (D:12)
  A wyvern zombie (D:6)
  A wyvern skeleton (D:11)
  21 giant frogs
  6 scorpions
  2 yak zombies (D:11)
  16 jellies
  9 killer bees
  3 electric eels
  2 goliath beetles
  5 crimson imps
  A black bear zombie (D:9)
  23 orc priests
  3 big fish
  3 iguanas
  2 giant frog skeletons
  An elf skeleton (D:11)
  Natasha (thrice) (D:5)
  15 orc wizards
  15 hounds
  3 worker ants
  32 sheep
  Jessica (D:2)
  A sky beast zombie (D:5)
  An ogre skeleton (D:7)
  Terence (D:2)
  2 mummies
  A worker ant zombie (D:11)
  34 adders
  39 green rats
  2 shadow imps
  7 white imps (IceCv)
  4 giant mites
  6 worms
  7 ufetubi (IceCv)
  An iguana zombie (D:6)
  2 orc zombies
  An adder zombie (D:6)
  4 giant geckos
  3 oozes
  117 orcs
  15 bats
  A bat skeleton (D:5)
  A bat zombie (D:6)
  8 giant cockroaches
  13 hobgoblins
  15 quokkas
  5 ball pythons
  3 giant newts
  A giant newt skeleton (D:5)
  2 giant spores
  16 goblins
  2 hobgoblin zombies
  12 jackals
  25 kobolds
  3 orc skeletons
  14 rats
  A rat zombie (D:6)
  8 ballistomycetes
  2 plants (D:7)
892 creatures vanquished.

Vanquished Creatures (collateral kills)
  Maud (Lair:6)
  A hydra (Lair:8)
  5 death yaks (Lair:8)
  2 oklob plants
  A wolf spider (Lair:5)
  An elephant (Lair:6)
  A black mamba (Lair:7)
  3 komodo dragons
  A deep elf mage (D:13)
  2 fire drakes
  3 blink frogs
  9 yaks
  A hill giant zombie (D:13)
  4 sharks
  A warg (D:11)
  3 wolves
  A hippogriff (D:13)
  3 porcupines
  A necrophage (D:7)
  An orc warrior (Orc:2)
  4 centaurs
  3 crocodiles
  An eye of draining (D:13)
  3 killer bees
  A cyclops skeleton (D:10)
  A hippogriff skeleton (D:12)
  An electric eel (Lair:2)
  2 crimson imps (D:8)
  7 jellies
  A giant frog skeleton (D:12)
  A hound (D:11)
  3 orc priests
  An iguana (Lair:1)
  2 worker ants
  5 orc wizards
  5 sheep
  A worker ant zombie (D:5)
  9 adders
  5 green rats
  3 shadow imps
  2 giant mites
  A worm (D:3)
  An orc skeleton (D:5)
  An ooze (D:2)
  14 orcs
  7 quokkas
  A felid zombie (D:5)
  2 giant cockroaches
  A giant newt (D:6)
  3 goblins
  2 kobolds
  A rat (D:5)
  5 ballistomycetes
  9 fungi
  11 plants
165 creatures vanquished.

Vanquished Creatures (others)
  3 death yak zombies (Lair:8)
  A hydra zombie (Lair:8)
  A black mamba zombie (Lair:6)
  2 ugly thing zombies (D:13)
  A spiny frog zombie (Lair:7)
  A lindwurm zombie (Lair:7)
  An elephant zombie (Lair:8)
  A manticore zombie (D:11)
  3 blink frog zombies
  A fire drake zombie (Lair:2)
  5 water moccasin zombies
  3 hippogriff zombies
  2 shark zombies (Lair:7)
  A boulder beetle zombie (Lair:6)
  11 yak zombies
  6 wolf zombies
  A boring beetle zombie (Lair:7)
  4 centaur zombies
  A crimson imp (D:6)
  An elf zombie (D:13)
  A wolf skeleton (Lair:2)
  3 giant frog zombies
  2 giant frog skeletons (D:9)
  A human zombie (Lair:1)
  3 porcupine zombies
  A porcupine skeleton (Lair:3)
  4 crocodile zombies
  An ogre zombie (Orc:3)
  A big kobold skeleton (D:7)
  3 ogre skeletons
  2 hound zombies
  2 hound skeletons
  A scorpion zombie (D:13)
  2 white imps (IceCv)
  An ufetubus (IceCv)
  An iguana zombie (Lair:1)
  24 orc zombies
  8 sheep zombies
  9 adder skeletons
  5 adder zombies
  2 felid skeletons (D:5)
  A sheep skeleton (Lair:6)
  An orc (Orc:4)
  2 bat skeletons
  16 green rat zombies
  2 ball python skeletons
  A giant gecko zombie (D:10)
  2 giant newt skeletons
  4 giant spores
  3 goblin skeletons
  A goblin zombie (Orc:3)
  A green rat skeleton (Lair:7)
  4 hobgoblin skeletons
  A human skeleton (D:2)
  4 jackal skeletons
  2 jackal zombies (D:11)
  8 kobold skeletons
  17 orc skeletons
  2 quokka skeletons
  5 quokka zombies
  5 rat skeletons
  4 ballistomycetes
  A fungus (Lair:8)
  10 plants
  5 toadstools (Lair:7)
229 creatures vanquished.

Grand Total: 1286 creatures vanquished

Notes
Turn   | Place    | Note
--------------------------------------------------------------
     0 | D:1      | Medar, the Demonspawn Necromancer, began the quest for the Orb.
     0 | D:1      | Reached XP level 1. HP: 13/13 MP: 3/3
     2 | D:1      | Learned a level 1 spell: Animate Skeleton
   514 | D:1      | Gained mutation: You sometimes gain a little power by taking damage. [demonic ancestry]
   514 | D:1      | Reached XP level 2. HP: 17/19 MP: 1/5
  1064 | D:1      | Reached skill level 1 in Short Blades
  1178 | D:1      | Gained mutation: You are partially covered in sharp spines. [demonic ancestry]
  1178 | D:1      | Reached XP level 3. HP: 24/24 MP: 4/6
  1508 | D:1      | Learned a level 3 spell: Vampiric Draining
  2097 | D:2      | Noticed Jessica
  2108 | D:2      | Killed Jessica
  2108 | D:2      | Gained mutation: You have sharp toenails. [demonic ancestry]
  2108 | D:2      | Reached XP level 4. HP: 30/30 MP: 8/8
  2180 | D:2      | Noticed Terence
  2181 | D:2      | Noticed Sigmund
  2193 | D:2      | Your ally Jessica died
  2476 | D:2      | Found a stormy altar of Qazlal.
  3483 | D:3      | Gained mutation: You are mostly covered in sharp spines. [demonic ancestry]
  3483 | D:3      | Reached XP level 5. HP: 24/35 MP: 9/9
  4001 | D:2      | Killed Terence
  4627 | D:3      | Reached XP level 6. HP: 29/41 MP: 0/11
  4830 | D:3      | Learned a level 4 spell: Control Undead
  5367 | D:4      | Found an opulent altar of Gozag.
  5383 | D:4      | Found a staircase to the Ecumenical Temple.
  5429 | Temple   | Entered the Ecumenical Temple
  5525 | Temple   | Became a worshipper of Ashenzari the Shackled
  5575 | D:4      | Found a burning altar of Makhleb.
  5609 | D:4      | Reached skill level 5 in Necromancy
  5962 | D:4      | Found Gozag's Platinum Reserve.
  6084 | D:5      | Entered Level 5 of the Dungeon
  6425 | D:5      | Found a glowing drain.
  6484 | Sewer    | Entered a sewer
  6526 | Sewer    | Noticed Restia's ghost (average DsMo)
  6874 | D:5      | Reached skill level 6 in Necromancy
  6874 | D:5      | Reached XP level 7. HP: 24/46 MP: 8/12
  7338 | D:5      | Found a snail-covered altar of Cheibriados.
  7571 | D:5      | Learned a level 3 spell: Regeneration
  7588 | D:5      | Noticed Natasha
  7594 | D:5      | Killed Natasha
  7771 | D:5      | Noticed Natasha
  7773 | D:5      | Your ally Natasha died
  7777 | D:5      | Killed Natasha
  7892 | D:5      | Noticed Natasha
  7894 | D:5      | Killed Natasha
  7960 | D:5      | Found Kadann's Book Boutique.
  8312 | D:5      | Your ally Natasha died
  8337 | D:5      | Reached skill level 5 in Spellcasting
  8764 | D:6      | Found an iron altar of Okawaru.
  8805 | D:6      | Reached XP level 8. HP: 37/52 MP: 16/20
  9075 | D:6      | Found a sparkling altar of Nemelex Xobeh.
  9441 | D:6      | Reached skill level 7 in Necromancy
 10037 | D:6      | Learned a level 5 spell: Agony
 10061 | D:6      | Reached skill level 8 in Necromancy
 10239 | D:7      | Acquired Ashenzari's first power
 10565 | D:7      | Reached skill level 9 in Necromancy
 10729 | D:7      | Reached skill level 1 in Fighting
 10729 | D:7      | Reached skill level 1 in Armour
 11399 | D:7      | Gained mutation: You are completely covered in sharp spines. [demonic ancestry]
 11399 | D:7      | Reached XP level 9. HP: 53/61 MP: 15/22
 11763 | D:5      | Bought a book of Minor Magic for 220 gold pieces
 11767 | D:5      | Learned a level 2 spell: Blink
 12354 | D:8      | Reached skill level 5 in Short Blades
 12832 | D:8      | Found a bloodstained altar of Trog.
 13248 | D:8      | Found a shimmering altar of Xom.
 13633 | D:9      | Found Klekhaf's Armour Shoppe.
 13643 | D:9      | Reached skill level 1 in Translocations
 13659 | D:9      | Acquired Ashenzari's second power
 13745 | D:9      | Gained mutation: You are partially covered in slimy green scales (AC +2). [demonic ancestry]
 13745 | D:9      | Reached XP level 10. HP: 47/69 MP: 9/24
 13847 | D:9      | Bought a +0 helmet for 54 gold pieces
 13860 | D:9      | Learned a level 2 spell: Repel Missiles
 14022 | D:9      | Noticed a gargoyle
 14043 | D:9      | Killed a gargoyle
 15649 | D:9      | Learned a level 4 spell: Animate Dead
 15981 | D:9      | Reached skill level 1 in Evocations
 16259 | D:10     | Entered Level 10 of the Dungeon
 16268 | D:10     | Reached skill level 1 in Charms
 16268 | D:10     | Reached skill level 1 in Air Magic
 16559 | D:10     | Noticed a hill giant
 16690 | D:10     | Killed a hill giant
 17044 | D:10     | Reached skill level 10 in Necromancy
 17189 | D:10     | Noticed a hill giant
 17197 | D:10     | Killed a hill giant
 17501 | D:10     | Found a blossoming altar of Fedhas.
 17630 | D:10     | Reached skill level 11 in Necromancy
 17630 | D:10     | Reached XP level 11. HP: 54/74 MP: 23/27
 18005 | D:11     | Noticed Fannar
 18006 | D:11     | Noticed a hill giant
 18159 | D:11     | Killed Fannar
 18580 | D:9      | Bought a +1 pair of boots for 114 gold pieces
 19070 | D:2      | Found a stormy altar of Qazlal.
 19200 | D:2      | Killed Sigmund
 19512 | D:11     | Killed a hill giant
 19696 | D:11     | Reached skill level 5 in Fighting
 19895 | D:11     | Reached skill level 5 in Dodging
 20438 | D:11     | Found a staircase to the Lair.
 20817 | D:11     | Reached skill level 12 in Necromancy
 20871 | D:11     | Noticed an unseen horror
 20879 | D:11     | Killed an unseen horror
 20928 | Lair:1   | Entered Level 1 of the Lair of Beasts
 20941 | Lair:1   | Acquired Ashenzari's third power
 21021 | D:11     | Reached XP level 12. HP: 62/86 MP: 8/28
 21340 | Lair:1   | Reached skill level 13 in Necromancy
 21558 | Lair:1   | Noticed Prince Ribbit
 21582 | Lair:1   | Killed Prince Ribbit
 21809 | Lair:1   | Noticed a seven-headed hydra
 21822 | Lair:1   | Killed a seven-headed hydra
 21927 | Lair:1   | Noticed a seven-headed hydra
 22001 | Lair:1   | Your ally Prince Ribbit died
 22027 | Lair:1   | Killed a seven-headed hydra
 22027 | Lair:1   | Reached skill level 5 in Charms
 22605 | Lair:1   | Upgraded the game from 0.15-a0-1387-gd422dff to 0.15-a0-1403-g2cecdf4
 24390 | Lair:3   | Found a staircase to the Swamp.
 24399 | Lair:3   | Noticed Snorg
 24401 | Lair:3   | Noticed Harold
 24448 | Lair:2   | Killed Snorg
 24640 | Lair:3   | Acquired Ashenzari's fourth power
 24700 | Lair:3   | Killed Harold
 24744 | Lair:3   | Reached XP level 13. HP: 79/92 MP: 13/31
 24805 | Lair:3   | Noticed an eight-headed hydra
 24810 | Lair:3   | Killed an eight-headed hydra
 24810 | Lair:3   | Reached skill level 10 in Spellcasting
 26256 | Lair:1   | Learned a level 6 spell: Haste
 27039 | Lair:5   | Reached skill level 5 in Armour
 27783 | Lair:5   | Learned a level 2 spell: Swiftness
 27971 | Lair:5   | Found a hole to the Spider Nest.
 28590 | Lair:6   | Found a staircase to the Slime Pits.
 28931 | Lair:6   | Identified the +10,+1 sling of Rollyxal {freeze, rElec rN+ SInv}
 29240 | Lair:6   | Noticed Maud
 29282 | Lair:6   | Killed Maud
 30984 | Lair:7   | Upgraded the game from 0.15-a0-1403-g2cecdf4 to 0.15-a0-1472-ge546950
 31159 | Lair:7   | Noticed a dire elephant
 31282 | Lair:7   | Killed a dire elephant
 31536 | Lair:7   | Reached XP level 14. HP: 78/103 MP: 20/32
 31759 | Lair:7   | Reached skill level 14 in Necromancy
 32702 | Lair:8   | Entered Level 8 of the Lair of Beasts
 33347 | Lair:8   | Identified a +1 rod of clouds (12/12)
 36049 | D:12     | Found a staircase to the Orcish Mines.
 37005 | D:13     | Found a gate to the Vaults.
 37020 | D:13     | Gained mutation: You sometimes gain power by taking damage. [demonic ancestry]
 37020 | D:13     | Reached XP level 15. HP: 68/110 MP: 36/36
 37944 | Orc:1    | Entered Level 1 of the Orcish Mines
 38476 | Orc:2    | Found Ycoff's Antique Weapon Shop.
 38499 | Orc:2    | HP: 3/110 [orc priest/divine providence[an orc warlord] (11)]
 38506 | Orc:2    | Found a frozen archway.
 38514 | Orc:2    | Noticed Josephine
 38514 | IceCv    | Entered an ice cave
 40238 | IceCv    | Reached skill level 1 in Long Blades
 40248 | IceCv    | Identified the cursed +3,-2 shortbow of Disintegration {venom, rElec}
 40695 | Orc:3    | Found a staircase to the Elven Halls.
 40695 | Orc:3    | Found an iron altar of Okawaru.
 40720 | Orc:3    | Found Wecij's Book Shop.
 41683 | Orc:4    | Entered Level 4 of the Orcish Mines
 41683 | Orc:4    | Noticed Donald
 41690 | Orc:4    | Killed Donald
 42379 | Orc:4    | Paralysed by an ogre mage for 4 turns
 42393 | Orc:4    | Paralysed by an ogre mage for 7 turns
 42400 | Orc:4    | Killed from afar by an ogre mage

Action                   |  1- 3 |  4- 6 |  7- 9 | 10-12 | 13-15 || total
-------------------------+-------+-------+-------+-------+-------++-------
Melee: Hand axe          |     5 |       |       |       |       ||     5
       Short sword       |     9 |    89 |     4 |       |       ||   102
       Dagger            |     1 |    16 |   424 |   648 |  1273 ||  2362
       Demon blade       |       |       |       |       |   173 ||   173
Throw: Javelin           |       |       |     1 |     2 |     1 ||     4
 Cast: Pain              |    63 |    92 |   106 |    65 |    19 ||   345
       Animate Skeleton  |    13 |    21 |    45 |     2 |       ||    81
       Vampiric Draining |       |    12 |    18 |    10 |       ||    40
       Control Undead    |       |     1 |     9 |     4 |     1 ||    15
       Regeneration      |       |       |     5 |     6 |     9 ||    20
       Agony             |       |       |     1 |    51 |   125 ||   177
       Blink             |       |       |     1 |     6 |    12 ||    19
       Animate Dead      |       |       |       |    46 |    99 ||   145
       Repel Missiles    |       |       |       |     1 |     3 ||     4
       Haste             |       |       |       |       |    23 ||    23
       Swiftness         |       |       |       |       |     2 ||     2
Invok: Scrying           |       |       |       |       |     1 ||     1
       Transfer Knowledg |       |       |       |       |     1 ||     1
Evoke: Wand              |       |     3 |     3 |     8 |    21 ||    35
  Use: Scroll            |     3 |    12 |    10 |    18 |    18 ||    61
       Potion            |       |     6 |     1 |     1 |     4 ||    12
 Stab: Sleeping          |     1 |     1 |     1 |    10 |    25 ||    38
       Betrayed ally     |       |       |     1 |       |       ||     1
       Distracted        |       |       |       |     4 |    10 ||    14
